 Dungeon Crawl Stone Soup version 0.30-a0-219-gf2db51d15e (webtiles) character file.

Game seed: 820078183953850698

86 tombik the Arsonist (level 4, -3/32 HPs)
             Began as a Gnoll Wanderer on Oct 6, 2022.
             Was a Follower of Sif Muna.
             Slain by a black bear (11 damage)
             ... on level 5 of the Dungeon.
             The game lasted 00:09:33 (2017 turns).

tombik the Arsonist (Gnoll Wanderer)                Turns: 2017, Time: 00:09:34

Health: -3/32      AC:  2    Str: 10 (12) XL:     4   Next: 50%
Magic:  1/8        EV: 12    Int: 15      God:    Sif Muna [*.....]
Gold:   83         SH:  0    Dex:  8 (9)  Spells: 8/9 levels left

rFire   . . .      SeeInvis .    a - +0 club
rCold   . . .      Faith    .    (no shield)
rNeg    . . .      Spirit   .    c - +0 robe
rPois   .          Reflect  .    (no helmet)
rElec   .          Harm     .    (no cloak)
rCorr   .          Rampage  .    (no gloves)
Will    .....                    (no boots)
Stlth   +.........               (no amulet)
HPRegen 0.25/turn                (no ring)
MPRegen 0.11/turn                (no ring)

@: no status effects
A: fangs 1, strong nose, distributed training
a: Renounce Religion, Channel Magic


You were on level 5 of the Dungeon.
You worshipped Sif Muna.
Sif Muna was aware of your devotion.
You visited 1 branch of the dungeon, and saw 4 of its levels.

You collected 83 gold pieces.

Inventory:

Hand Weapons
 a - a +0 club (weapon)
Armour
 c - a +0 robe (worn)
Wands
 d - a wand of flame (4) (quivered)
Scrolls
 f - a scroll of magic mapping
 g - a scroll of teleportation
Potions
 b - 2 potions of invisibility
 e - a potion of cancellation


   Skills:
 + Level 1.2 Fighting
 + Level 1.2 Short Blades
 + Level 1.2 Long Blades
 + Level 1.2 Axes
 + Level 1.2 Maces & Flails
 + Level 1.2 Polearms
 + Level 1.2 Staves
 + Level 1.2 Ranged Weapons
 + Level 1.2 Throwing
 + Level 1.2 Armour
 + Level 4.7 Dodging
 + Level 1.2 Stealth
 + Level 1.2 Shields
 + Level 1.2 Unarmed Combat
 + Level 3.0 Spellcasting
 + Level 1.0 Conjurations
 + Level 1.0 Hexes
 + Level 1.0 Summonings
 + Level 1.0 Necromancy
 + Level 1.0 Translocations
 + Level 1.0 Transmutations
 + Level 8.8 Fire Magic
 + Level 1.0 Ice Magic
 + Level 1.0 Air Magic
 + Level 2.3 Earth Magic
 + Level 1.0 Poison Magic
 + Level 1.3 Invocations
 + Level 2.8 Evocations


You had 8 spell levels left.
You knew the following spells:

 Your Spells              Type           Power      Damage    Failure   Level
a - Foxfire               Conj/Fire      68%        2x1d7     2%          1

Your spell library contained the following spells:

 Spells                   Type           Power      Damage    Failure   Level
 Sandblast                Erth           18%        2d7       8%          1
 Flame Wave               Conj/Fire      17%        2d7       26%         4
 Sticky Flame             Conj/Fire      17%        2d4       26%         4
 Stone Arrow              Conj/Erth      14%        3d7       30%         3


Dungeon Overview and Level Annotations

Branches:
Dungeon (3/15)

Altars:
Sif Muna


Innate Abilities, Weirdness & Mutations

You have very sharp teeth.
Your uncanny sense of smell can sniff out nearby items.
Your experience applies equally to all skills.


Message History

Your foxfire dissipates!
Casting: Foxfire (safe; 2% risk of failure)
Confirm with . or Enter, or press ? or * to list all spells.
You conjure some foxfire!
The foxfire hits the black bear but does no damage.
The black bear is heavily wounded.
Your foxfire dissipates!
Casting: Foxfire (safe; 2% risk of failure)
Confirm with . or Enter, or press ? or * to list all spells.
You conjure some foxfire!
The foxfire hits the black bear.
The black bear is severely wounded.
Your foxfire dissipates!
Casting: Foxfire (safe; 2% risk of failure)
Confirm with . or Enter, or press ? or * to list all spells.
You miscast Foxfire.
You are very lightly contaminated with residual magic.
Nothing appears to happen.
Casting: Foxfire (safe; 2% risk of failure)
Confirm with . or Enter, or press ? or * to list all spells.
You conjure some foxfire!
The black bear bites you. The black bear claws you.
The black bear barely misses you.
The foxfire hits the black bear.
The black bear is severely wounded.
The foxfire hits the black bear.
The black bear is almost dead.
You completely miss the black bear.
The black bear is almost dead.
The black bear goes berserk!
You hit the black bear but do no damage.
The black bear is almost dead.
The black bear closely misses you. The black bear claws you. x2
The black bear barely misses you. The black bear claws you. x2
Casting: Foxfire (safe; 2% risk of failure)
Confirm with . or Enter, or press ? or * to list all spells.
You don't have enough magic to cast this spell.
Your magical contamination has completely faded away.
The black bear barely misses you. The black bear claws you. x2
* * * LOW HITPOINT WARNING * * *
You fail to use your ability.
The black bear bites you!
You die...

##.###......# #.#
#....#......###..#
####.#.......>...##
#.#.######.#....
#.#.### #.#..##
#.#...# #...#..
####.###.# #...# #
#........# #...#
##@##.#### #.#....
#h##.#######.#.#.#
#.##...).....#.#.#
##.##########.#.# .
#...............#
#############.###
#... #.### #h#


You could see a black bear (berserk).

Vanquished Creatures
  A hound (D:2)
  An adder (D:2)
  A worm (D:2)
  An orc (D:5)
  2 ball pythons
  3 endoplasms (D:1)
  7 goblins
  2 hobgoblins
  3 quokkas
  5 bats
  A frilled lizard (D:2)
  9 kobolds
  2 rats (D:2)
38 creatures vanquished.

Vanquished Creatures (collateral kills)
  A hobgoblin (D:1)
1 creature vanquished.

Vanquished Creatures (others)
  88 foxfires
88 creatures vanquished.

Grand Total: 127 creatures vanquished

Notes
Turn   | Place    | Note
-------+----------+-------------------------------------------
     0 | D:1      | tombik the Gnoll Wanderer began the quest for the Orb.
     0 | D:1      | tombik set off with the following items: a +0 club, a
                  | potion of invisibility, a +0 robe, a wand of flame (4); and
                  | the following spells available to memorise: Foxfire,
                  | Sandblast, Flame Wave, Sticky Flame, Stone Arrow.
     0 | D:1      | Reached XP level 1. HP: 13/13 MP: 4/4
     2 | D:1      | Learned a level 1 spell: Foxfire
   252 | D:1      | Reached XP level 2. HP: 19/19 MP: 2/5
  1086 | D:2      | Reached XP level 3. HP: 25/25 MP: 4/7
  1157 | D:2      | Reached skill level 1 in Invocations
  1350 | D:2      | Reached skill level 1 in Fighting
  1350 | D:2      | Reached skill level 1 in Short Blades
  1350 | D:2      | Reached skill level 1 in Long Blades
  1350 | D:2      | Reached skill level 1 in Axes
  1350 | D:2      | Reached skill level 1 in Maces & Flails
  1350 | D:2      | Reached skill level 1 in Polearms
  1350 | D:2      | Reached skill level 1 in Staves
  1350 | D:2      | Reached skill level 1 in Ranged Weapons
  1350 | D:2      | Reached skill level 1 in Throwing
  1350 | D:2      | Reached skill level 1 in Armour
  1350 | D:2      | Reached skill level 1 in Stealth
  1350 | D:2      | Reached skill level 1 in Shields
  1350 | D:2      | Reached skill level 1 in Unarmed Combat
  1350 | D:2      | Reached XP level 4. HP: 21/32 MP: 1/8
  1433 | D:2      | Found a faded altar of an unknown god.
  1446 | D:2      | Prayed at the altar of an unknown god.
  1446 | D:2      | Became a worshipper of Sif Muna the Loreminder
  1446 | D:2      | Reached * piety under Sif Muna
  1524 | D:2      | Reached skill level 1 in Conjurations
  1524 | D:2      | Reached skill level 1 in Hexes
  1524 | D:2      | Reached skill level 1 in Summonings
  1524 | D:2      | Reached skill level 1 in Necromancy
  1524 | D:2      | Reached skill level 1 in Translocations
  1524 | D:2      | Reached skill level 1 in Transmutations
  1524 | D:2      | Reached skill level 1 in Ice Magic
  1524 | D:2      | Reached skill level 1 in Air Magic
  1524 | D:2      | Reached skill level 1 in Poison Magic
  1880 | D:3      | You fall into a shaft and drop 2 floors!
  1880 | D:5      | Entered Level 5 of the Dungeon
  1989 | D:5      | Noticed a black bear
  2017 | D:5      | Slain by a black bear

Illustrated notes

Levels and vault maps discovered:
D:1:      tarquinn_simple_flora_water_c, layout_loops_ring,
          hangedman_decor_push, chequers_serial_rivers_micro_b
D:2:      layout_basic, hellmonk_ecumenical_altar_crossroads
D:3:      layout_loops_cross, mainiacjoe_overflow_cross_hatched
D:5:      layout_basic, mainiacjoe_overflow_catwalk_spiral, temple_green

Skill      XL: |  1  2  3  4 |
---------------+-------------+-----
Earth Magic    | 2 |  2.3
Invocations    | 1 |  1.3
Fighting       | 1 |  1.2
Short Blades   | 1 |  1.2
Long Blades    | 1 |  1.2
Axes           | 1 |  1.2
Maces & Flails | 1 |  1.2
Polearms       | 1 |  1.2
Staves         | 1 |  1.2
Ranged Weapons | 1 |  1.2
Throwing       | 1 |  1.2
Armour         | 1 |  1.2
Stealth        | 1 |  1.2
Shields        | 1 |  1.2
Unarmed Combat | 1 |  1.2
Spellcasting   | 3 |  3.0
Conjurations   | 1 |  1.0
Hexes          | 1 |  1.0
Summonings     | 1 |  1.0
Necromancy     | 1 |  1.0
Translocations | 1 |  1.0
Transmutations | 1 |  1.0
Ice Magic      | 1 |  1.0
Air Magic      | 1 |  1.0
Poison Magic   | 1 |  1.0
Dodging        | |  4.7
Fire Magic     | |  8.8
Evocations     | |  2.8

Action                   |  1- 3 |  4- 6 || total
-------------------------+-------+-------++-------
Melee: Club              |    29 |     2 ||    31
 Cast: Foxfire           |    51 |    30 ||    81
  Use: Scroll            |     5 |     3 ||     8
       Potion            |     2 |       ||     2
Armor: Robe              |     9 |       ||     9
Dodge: Dodged            |    29 |     6 ||    35

Table legend: (Time is in decaauts)
 A = Elapsed time spent in this place.
 B = Non-inter-level travel time spent in this place.
 C = Inter-level travel time spent in this place.
 D = Time resting spent in this place.
 E = Time spent auto-exploring this place.
 F = Levels seen in this place.
 G = Mean time per level.
                   A        B        C        D        E       F      G
               +--------+--------+--------+--------+--------+-----+--------+
         Total |   2025 |   2001 |     24 |    100 |   1537 |   4 |  506.2 |
       Dungeon |   2025 |   2001 |     24 |    100 |   1537 |   4 |  506.2 |
               +--------+--------+--------+--------+--------+-----+--------+

Top non-repeatable levels by time:
     D:1: 1054 daAuts
     D:2: 792 daAuts
     D:5: 137 daAuts
     D:3: 41 daAuts
